 Dungeon Crawl Stone Soup version 0.19-a0-1831-gd4c818f (webtiles) character file.

193442 Proteus the Imperceptible (level 18, -15/95 HPs)
             Began as a Spriggan Assassin on Oct 8, 2016.
             Was the Champion of Okawaru.
             Killed from afar by a thorn hunter (25 damage)
             ... with a volley of thorns
             ... on level 3 of the Swamp.
             The game lasted 03:17:47 (38638 turns).

Proteus the Imperceptible (Spriggan Assassin)      Turns: 38638, Time: 03:17:47

Health: -15/95     AC: 11    Str:  7    XL:     18   Next: 7%
Magic:  22/28      EV: 37    Int: 18    God:    Okawaru [******]
Gold:   3143       SH:  0    Dex: 30    Spells: 1 memorised, 16 levels left

rFire  . . .     SeeInvis +     L - +8 quick blade (elec)
rCold  . . .     Gourm    .     Y - +1 robe of the Republic {+Inv rPois Stlth+}
rNeg   . . .     Faith    .     (shield restricted)
rPois  +         Spirit   .     K - +2 hat {Int+3}
rElec  .         Dismiss  .     F - +1 cloak {MR+}
rCorr  .         Reflect  .     (gloves unavailable)
MR     ++++.     Harm     .     (boots unavailable)
Stlth  +++++++++.               h - amulet of regeneration
                                E - +5 ring of dexterity
                                p - +4 ring of protection

@: very slightly contaminated, invisible, very quick
A: unfitting armour, horns 1, see invisible, clever 1, herbivore 3, speed 3,
mutation resistance 1, slow metabolism 2, MP-powered wands
a: Heroism, Finesse, Renounce Religion, Turn Visible


You were on level 3 of the Swamp.
You worshipped Okawaru.
Okawaru was exalted by your worship.
You were not hungry.

You visited 6 branches of the dungeon, and saw 29 of its levels.
You also visited: Labyrinth, Sewer and Ossuary.

You collected 3233 gold pieces.
You spent 90 gold pieces at shops.

Inventory:

Hand Weapons
 b - a +5 blowgun
 L - a +8 quick blade of electrocution (weapon)
Missiles
 e - 99 poisoned needles
 j - 5 curare-tipped needles
 m - 4 needles of paralysis
 y - 10 tomahawks of returning (quivered)
 z - 4 needles of sleeping
 O - 15 needles of confusion
 Q - 2 throwing nets
 W - 8 needles of frenzy
Armour
 l - the +8 fire dragon armour "Gylaniuwn" {rPois rF++ rC- rN+ MR+ Str+2}
   (Okawaru gifted it to you on level 4 of the Lair of Beasts)

   It affects your strength (+2).
   It greatly protects you from fire.
   It makes you vulnerable to cold.
   It protects you from poison.
   It protects you from negative energy.
   It affects your resistance to hostile enchantments.
 F - a +1 cloak of magic resistance (worn)
 K - a +2 hat of intelligence (worn)
 Y - the +1 robe of the Republic (worn) {+Inv rPois Stlth+}
   (Okawaru gifted it to you on level 6 of the Lair of Beasts)

   It protects you from poison.
   It lets you turn invisible.
   It makes you more stealthy.
Jewellery
 c - an uncursed ring of protection from fire
 h - an amulet of regeneration (around neck)
 o - an uncursed ring of positive energy
 p - a +4 ring of protection (left hand)
 C - the amulet of Douthruhe {+Rage +Inv rPois Int-2 Dex+3}
   (You took it off a minotaur in a labyrinth)

   [amulet of rage]

   It affects your intelligence (-2).
   It affects your dexterity (+3).
   It protects you from poison.
   It lets you turn invisible.
   It lets you go berserk.
 E - a +5 ring of dexterity (right hand)
 J - an uncursed ring of protection from magic
Wands
 a - a wand of disintegration (10/24)
 d - a wand of enslavement (9/24)
 f - a wand of polymorph (7/24)
 v - a wand of confusion (37/48)
 w - a wand of enslavement (1/24)
 A - a wand of heal wounds (1/9)
 H - a wand of iceblast (8/15)
 M - a wand of digging (4/24)
 N - a wand of confusion (23/48)
 R - a wand of confusion (2/48)
 V - a wand of teleportation (5/9)
Scrolls
 i - 19 scrolls of remove curse
 r - 5 scrolls of recharging
 s - a scroll of amnesia
 x - a scroll of fear
 B - a scroll of fog
 D - 7 scrolls of teleportation
 S - 2 scrolls of blinking
 Z - 3 scrolls of immolation
Potions
 k - a potion of cure mutation
 n - 4 potions of ambrosia
 q - 7 potions of lignification
 t - 3 potions of resistance
 u - a potion of cancellation
 G - 2 potions of flight
 I - 5 potions of brilliance
 P - 2 potions of heal wounds
 U - a potion of magic
 X - a potion of haste
Books
 T - a book of the Tempests

   Spells                             Type                      Level
   a - Static Discharge               Conjuration/Air              3
   b - Lightning Bolt                 Conjuration/Air              5
   c - Fireball                       Conjuration/Fire             5
   d - Tornado                        Air                          9
   e - Shatter                        Earth                        9
Comestibles
 g - 10 bread rations


   Skills:
 + Level 10.8 Fighting
 + Level 13.7 Short Blades
 + Level 12.8 Throwing
 + Level 5.0 Armour
 + Level 17.0 Dodging
 + Level 21.9 Stealth
 - Level 3.0 Invocations
 - Level 13.3 Evocations


You had 16 spell levels left.
You knew the following spells:

 Your Spells              Type           Power        Failure   Level  Hunger
a - Corona                Hex            #......      21%         1    ##.....


Dungeon Overview and Level Annotations

Branches:
Dungeon (15/15)            Temple (1/1) D:7            Lair (6/6) D:9
  Swamp (3/4) Lair:3        Snake (2/4) Lair:4        Slime (0/5) Lair:5
    Orc (2/2) D:9             Elf (0/3) Orc:2        Vaults (0/5) D:14
 Depths (0/5) D:15

Altars:
Ashenzari
Cheibriados
Dithmenos
Elyvilon
Fedhas
Gozag
Hepliaklqana
Kikubaaqudgha
Makhleb
Nemelex Xobeh
Okawaru
Qazlal
Ru
Sif Muna
Trog
Uskayaw
Vehumet
Xom
Yredelemnul
Zin
The Shining One

Shops:
D:10 *   D:15 !   Orc:2 ?[![%=%[

Annotations:
D:7 TZer0's ghost, novice OpTm
Lair:5 exclusion: 2 oklob plants


Innate Abilities, Weirdness & Mutations

You are very small and have problems with some larger weapons.
You are too small for most types of armour.
You have supernaturally acute eyesight. (SInv)
You are a herbivore.
You cover ground extremely quickly.
You need consume almost no food.
You have a pair of small horns on your head.
Your mind is acute. (Int +2)
You are somewhat resistant to further mutation.
You expend magic power (3 MP) to strengthen your wands.


Message History

The thorn hunter is severely damaged.
The thorn hunter completely misses you. x2
Evoke which item? (* to show all) (? for menu, Esc to quit)
Zapping:
A - a wand of heal wounds (3/9)
Press: ? - help, Shift-Dir - straight line, f - you You feel much better.
This wand has 2 charges left.
The thorn hunter fires a volley of thorns at you.
The volley of thorns hits you!
* * * LOW HITPOINT WARNING * * *
Evoke which item? (* to show all) (? for menu, Esc to quit)
Zapping:
A - a wand of heal wounds (2/9)
Press: ? - help, Shift-Dir - straight line, f - you You feel much better.
This wand has 1 charge left.
The briar patch crumbles away.
The thorn hunter fires a volley of thorns at you.
The volley of thorns hits you!
* * * LOW HITPOINT WARNING * * *
The thorn hunter fires a volley of thorns at you.
The volley of thorns hits you!
You die...

♣.≈≈.♣ ♣..######.#
♣.≈PP♣♣♣♣P........
..PPP♣♣PP.≈♣....≈
♣♣♣♣PPP≈≈.P≈...)≈.≈
♣PPP♣P≈...≈≈≈.≈...≈
♣≈≈≈..≈≈≈≈≈≈≈.≈.♣.≈
♣♣..≈....≈≈≈..♣♣♣≈≈ ♣
♣...♣..(....♣≈♣ ♣♣.
....♣♣P@♣♣♣..♣.≈≈≈≈≈.♣♣♣
♣.≈.≈.P.♣ ♣♣♣♣.≈≈≈≈≈.♣
♣..§≈≈.f.P....≈≈≈≈≈.♣♣
..≈≈(........|.≈≈≈≈.♣
♣.....########..≈≈≈.♣
♣♣≈≈.. ...≈≈..≈♣ ♣.....
.#..≈..≈♣♣ ♣♣.§.. ♣♣..


You could see a thorn hunter.

Vanquished Creatures
  Rupert (D:12)
  Gastronok (D:9)
  A thorn hunter (Swamp:1)
  An azure jelly (shapeshifter) (D:12)
  The ghost of Pr0man the Destroyer, a journeyman GrFE of Vehumet (D:15)
  A stone giant (Orc:2)
  The ghost of Tekks the Basher, a journeyman OgHu of Kikubaaqudgha (Lair:4)
  Nessos (D:12)
  The ghost of Naow the Severer, a journeyman MiBe of Trog (D:15)
  A dire elephant (D:15)
  The ghost of Grim the Impaler, a journeyman MiBe of Trog (D:12)
  The ghost of Athtar123 the Brawler, a journeyman DrMo of Nemelex Xobeh (Lair:3)
  A minotaur (Lab)
  Josephine (Snake:1)
  The ghost of jedvagenij the Blocker, a journeyman FoFi of Okawaru (Lair:3)
  Erolcha (D:10)
  18 hydras
  An anaconda (Snake:1)
  A ghost crab (Swamp:2)
  4 centaur warriors
  11 alligators
  A tengu warrior (D:15)
  An ogre mage (D:14)
  Urug (D:10)
  5 orc high priests (Orc:2)
  A shock serpent (Lair:4)
  Nergalle (Lair:1)
  5 skeletal warriors
  A salamander mystic (Snake:1)
  A deep elf knight (D:13)
  An unseen horror (D:13)
  3 naga ritualists (Snake:1)
  3 spriggan druids (Swamp:2)
  14 spiny frogs
  7 hill giants
  A deep troll (shapeshifter) (D:13)
  11 orc knights
  A harpy (D:12)
  A wolf spider zombie (D:15)
  2 swamp dragons (Swamp:2)
  Pikel (D:5)
  2 deep elf magi
  3 mana vipers
  A wolf spider (D:15)
  5 cyclopes
  2 ugly things
  21 black mambas
  4 salamanders (Snake:1)
  2 manticores
  8 elephants
  Maurice (D:11)
  A guardian serpent (Snake:1)
  A black mamba (shapeshifter) (D:13)
  Joseph (D:7)
  4 gargoyles
  6 naga magi
  Psyche (D:11)
  6 centaur skeletons
  A spiny frog (shapeshifter) (D:13)
  8 rime drakes
  4 kobold demonologists
  4 komodo dragons
  3 yaktaurs
  A freezing wraith (D:15)
  A yaktaur (shapeshifter) (D:13)
  3 efreet
  2 queen bees
  3 tyrant leeches (Swamp:2)
  3 meliai (D:15)
  3 tengu conjurers (D:15)
  8 hornets
  7 trolls
  6 slime creatures
  5 polar bears (Lair:6)
  3 bog bodies (Swamp:1)
  16 blink frogs
  A two-headed ogre (D:14)
  10 hippogriffs
  A centaur simulacrum (D:12)
  2 redbacks
  3 wyverns
  Sigmund (D:2)
  8 wraiths
  16 spriggans
  40 yaks
  3 water elementals (D:13)
  2 vampires
  3 shadows
  3 basilisks
  Grum (D:8)
  8 hungry ghosts
  12 vampire mosquitoes
  3 insubstantial wisps (Swamp:1)
  4 nagas (Snake:1)
  2 soldier ants
  Menkaure (D:9)
  3 wargs
  6 swamp worms
  A mottled dragon (D:11)
  23 water moccasins
  Duvessa (D:7)
  Purgy (Sewer)
  6 ice beasts
  10 porcupines
  2 slaves (D:5)
  9 swamp drakes
  44 orc warriors
  2 black bears
  An eye of draining (shapeshifter) (D:13)
  2 necrophages
  4 sky beasts
  24 wolves
  An eye of draining (D:13)
  2 phantoms
  7 boggarts
  12 ogres
  13 centaurs
  12 crocodiles
  4 big kobolds
  22 bullfrogs
  A gnoll sergeant (D:6)
  A wyvern skeleton (D:10)
  Dowan (D:7)
  6 scorpions
  48 killer bees
  20 wights
  4 electric eels
  5 bullfrog zombies
  4 howler monkeys
  4 crimson imps
  3 quasits
  9 centaur zombies
  6 jellies
  29 orc priests
  5 hounds
  21 orc wizards
  2 bullfrog skeletons (D:13)
  20 mummies (Ossuary)
  3 iguanas
  11 worker ants
  4 hound zombies
  A hound skeleton (D:7)
  2 howler monkey zombies (Ossuary)
  2 worker ant zombies
  5 gnolls (D:6)
  24 adders
  A river rat (D:3)
  4 shadow imps
  An ooze (D:5)
  2 adder zombies (Ossuary)
  A worm (D:3)
  3 dart slugs
  7 leopard geckos
  94 orcs
  4 ball pythons
  7 giant cockroaches
  5 goblins
  5 hobgoblins
  11 jackals
  15 kobolds
  4 quokkas
  6 bats
  8 frilled lizards
  A giant cockroach zombie (Ossuary)
  A quokka zombie (Ossuary)
  5 rats
  A briar patch (Swamp:3)
  2 fungi (D:9)
  A plant (D:9)
1029 creatures vanquished.

Vanquished Creatures (collateral kills)
  The ghost of Flanowski the Earth Mage, a journeyman GrEE of Vehumet (Lair:6)
  A hydra (Lair:1)
  A manticore (D:13)
  A centaur skeleton (D:13)
  2 komodo dragons (Lair:6)
  2 yaks (Lair:6)
  An ogre (D:13)
  2 killer bees (D:10)
  A wight (D:10)
  3 orcs (D:5)
  3 kobolds (D:11)
18 creatures vanquished.

Vanquished Creatures (others)
  2 unseen horrors (D:13)
  A wyvern (D:13)
  A hill giant (D:10)
  2 cyclopes (D:13)
  A spiny frog (Lair:3)
  A kobold demonologist (D:13)
  A freezing wraith (D:13)
  3 yaks
  A water moccasin (Lair:3)
  A centaur (D:14)
  4 killer bees (D:10)
  A wight (D:10)
  2 crimson imps
  2 orc priests (D:14)
  3 orcs
  A briar patch (Swamp:3)
  4 fungi
  4 plants
  A withered plant (Ossuary)
36 creatures vanquished.

Grand Total: 1083 creatures vanquished

Notes
Turn   | Place    | Note
-------+----------+-------------------------------------------
     0 | D:1      | Proteus the Spriggan Assassin began the quest for the Orb.
     0 | D:1      | Reached XP level 1. HP: 10/10 MP: 2/2
    78 | D:1      | Reached skill level 6 in Stealth
   163 | D:1      | Reached XP level 2. HP: 11/14 MP: 3/3
   746 | D:1      | Reached skill level 7 in Stealth
   839 | D:2      | Found a faded altar of an unknown god.
   843 | D:2      | Noticed Sigmund
  1259 | D:2      | Killed Sigmund
  1259 | D:2      | Reached skill level 10 in Stealth
  1259 | D:2      | Reached XP level 3. HP: 18/18 MP: 4/4
  1259 | D:2      | Reached XP level 4. HP: 22/22 MP: 5/5
  1259 | D:2      | Reached XP level 5. HP: 25/25 MP: 6/6
  2004 | D:3      | Found a glowing drain.
  2196 | Sewer    | Entered a sewer
  2348 | Sewer    | Noticed Purgy
  2374 | Sewer    | Killed Purgy
  2374 | Sewer    | Reached skill level 11 in Stealth
  2374 | Sewer    | Reached XP level 6. HP: 30/30 MP: 7/7
  3096 | D:3      | HP: 1/30 [worm (10)]
  3932 | D:4      | Reached skill level 12 in Stealth
  4023 | D:4      | Found a stormy altar of Qazlal.
  4510 | D:5      | Entered Level 5 of the Dungeon
  4683 | D:5      | Noticed a slave
  4686 | D:5      | Noticed Pikel
  4687 | D:5      | Noticed a slave
  4689 | D:5      | Noticed a slave
  4698 | D:5      | Noticed a slave
  4721 | D:5      | Killed a slave
  4758 | D:5      | Killed Pikel
  4758 | D:5      | Reached skill level 14 in Stealth
  4758 | D:5      | Reached XP level 7. HP: 30/33 MP: 8/8
  4859 | D:5      | Reached XP level 8. HP: 29/37 MP: 9/9
  5011 | D:5      | Found a snail-covered altar of Cheibriados.
  6423 | D:6      | Reached skill level 15 in Stealth
  7047 | D:6      | Noticed Menkaure
  7585 | D:6      | Reached XP level 9. HP: 44/44 MP: 10/10
  7643 | D:6      | Reached skill level 5 in Dodging
  8006 | D:7      | Found a staircase to the Ecumenical Temple.
  8013 | D:7      | Found a shimmering altar of Xom.
  8022 | D:7      | Noticed TZer0's ghost (novice OpTm)
  8032 | D:7      | Noticed Joseph
  8039 | D:7      | Killed Joseph
  8062 | Temple   | Entered the Ecumenical Temple
  8071 | Temple   | Became a worshipper of Warmaster Okawaru
  8313 | D:7      | Reached skill level 5 in Short Blades
  8519 | D:7      | Found a hazy altar of Hepliaklqana.
  8598 | D:7      | Noticed Duvessa
  8598 | D:7      | Noticed Dowan
  8625 | D:7      | Killed Dowan
  8639 | D:7      | Killed Duvessa
  8763 | D:7      | Found a deep blue altar of Sif Muna.
  8921 | D:8      | Found a blossoming altar of Fedhas.
  8939 | D:8      | Found a glowing golden altar of the Shining One.
  8941 | D:8      | Identified 2 scrolls of acquirement
  8948 | D:8      | Noticed Grum
  8966 | D:7      | Reached skill level 5 in Throwing
  8980 | D:7      | Reached * piety under Okawaru
  9249 | D:8      | Reached skill level 16 in Stealth
  9260 | D:8      | Found a sand-covered staircase.
  9265 | Ossuary  | Entered an ossuary
  9303 | Ossuary  | Reached XP level 10. HP: 30/51 MP: 11/11
 10152 | D:8      | Reached ** piety under Okawaru
 10609 | D:8      | Killed Grum
 10712 | D:9      | Noticed Gastronok
 10735 | D:9      | Killed Gastronok
 10735 | D:9      | Reached *** piety under Okawaru
 10735 | D:9      | Received a gift from Okawaru
 10735 | D:9      | Reached skill level 5 in Fighting
 10838 | D:9      | Found a staircase to the Orcish Mines.
 10904 | D:9      | Killed Menkaure
 11023 | D:9      | Found a staircase to the Lair.
 11072 | D:9      | Found a deep blue altar of Sif Muna.
 11174 | D:9      | Reached **** piety under Okawaru
 11174 | D:9      | Reached XP level 11. HP: 56/56 MP: 12/12
 11705 | D:9      | Reached skill level 17 in Stealth
 11714 | D:9      | Found a flagged portal.
 11945 | D:10     | Entered Level 10 of the Dungeon
 12128 | D:10     | Found Meimyimput's Assorted Antiques.
 12295 | D:10     | Noticed a hill giant
 12301 | D:10     | Killed a hill giant
 12333 | D:10     | Reached ***** piety under Okawaru
 12350 | D:10     | Reached skill level 10 in Dodging
 12360 | D:10     | Received a gift from Okawaru
 12731 | D:10     | Noticed Urug
 12786 | D:10     | Killed Urug
 12953 | D:10     | Noticed Erolcha
 12954 | D:10     | Killed Erolcha
 13249 | Lair:1   | Entered Level 1 of the Lair of Beasts
 13331 | Lair:1   | Received a gift from Okawaru
 13374 | Lair:1   | Noticed a six-headed hydra
 13376 | Lair:1   | Noticed a four-headed hydra
 13388 | Lair:1   | Killed a four-headed hydra
 13396 | Lair:1   | Killed a six-headed hydra
 13396 | Lair:1   | Received a gift from Okawaru
 13632 | Lair:1   | Noticed a six-headed hydra
 13675 | Lair:1   | Killed a six-headed hydra
 13687 | Lair:1   | Killed a spiny frog
 13794 | Lair:1   | Noticed Nergalle
 13816 | Lair:1   | Killed Nergalle
 13816 | Lair:1   | Reached XP level 12. HP: 61/62 MP: 13/13
 14724 | Lair:2   | Reached skill level 18 in Stealth
 14969 | Lair:2   | Received a gift from Okawaru
 15871 | Lair:3   | Noticed a four-headed hydra
 15877 | Lair:3   | Killed a four-headed hydra
 16064 | Lair:3   | Noticed Athtar123's ghost (journeyman DrMo)
 16114 | Lair:3   | Noticed a five-headed hydra
 16225 | Lair:3   | Noticed jedvagenij's ghost (journeyman FoFi)
 16290 | Lair:3   | Killed a five-headed hydra
 16445 | Lair:3   | Found a frozen archway.
 16448 | Lair:3   | Reached skill level 10 in Short Blades
 16572 | Lair:3   | Noticed a four-headed hydra
 16603 | Lair:3   | Killed a four-headed hydra
 16603 | Lair:3   | Reached ****** piety under Okawaru
 16603 | Lair:3   | Received a gift from Okawaru
 16719 | Lair:3   | Killed Athtar123's ghost
 16788 | Lair:3   | Found a staircase to the Swamp.
 16843 | Lair:3   | Killed jedvagenij's ghost
 16843 | Lair:3   | Reached XP level 13. HP: 54/68 MP: 14/14
 17248 | Lair:4   | Noticed Tekks's ghost (journeyman OgHu)
 17321 | Lair:4   | Killed Tekks's ghost
 17794 | Lair:4   | Received a gift from Okawaru
 17893 | Lair:4   | Reached skill level 19 in Stealth
 18184 | Lair:4   | Received a gift from Okawaru
 18184 | Lair:4   | Reached skill level 1 in Invocations
 18250 | Lair:4   | Found a staircase to the Snake Pit.
 18310 | Lair:4   | Received a gift from Okawaru
 18857 | Lair:5   | Reached skill level 10 in Throwing
 19439 | Lair:5   | Found a staircase to the Slime Pits.
 19796 | Lair:6   | Entered Level 6 of the Lair of Beasts
 19796 | Lair:6   | Noticed Flanowski's ghost (journeyman GrEE)
 19986 | Lair:6   | Found a radiant altar of Vehumet.
 20265 | Lair:6   | Killed Flanowski's ghost
 20975 | Lair:6   | Reached XP level 14. HP: 37/75 MP: 17/17
 21065 | Lair:6   | Received a gift from Okawaru
 21710 | Lair:6   | Received a gift from Okawaru
 21713 | Lair:6   | Got a faintly glowing robe {god gift}
 21737 | Lair:6   | Identified the +1 robe of the Republic {+Inv rPois Stlth+} (Okawaru gifted it to you on level 6 of the Lair of Beasts)
 21792 | Lair:6   | Reached skill level 1 in Evocations
 22090 | D:11     | Noticed Psyche
 22094 | D:11     | Killed Psyche
 22550 | D:11     | Noticed Maurice
 22570 | D:11     | Killed Maurice
 22651 | D:11     | Reached skill level 5 in Evocations
 22987 | D:12     | Noticed Nessos
 22989 | D:12     | Killed Nessos
 23034 | D:12     | Noticed Rupert
 23041 | D:12     | Killed Rupert
 23062 | D:12     | Reached skill level 20 in Stealth
 23080 | D:12     | Found a labyrinth entrance.
 23087 | Lab      | Entered a labyrinth
 23322 | Lab      | Got a faintly glowing ruby amulet
 23999 | D:12     | Identified the amulet of Douthruhe {+Rage +Inv rPois Int-2 Dex+3} (You took it off a minotaur in a labyrinth)
 24039 | D:12     | Noticed Grim's ghost (journeyman MiBe)
 24078 | D:12     | Killed Grim's ghost
 24281 | D:12     | Received a gift from Okawaru
 24636 | D:12     | Noticed an azure jelly
 24656 | D:12     | Killed an azure jelly
 24656 | D:12     | Received a gift from Okawaru
 24744 | D:12     | Learned a level 1 spell: Corona
 24879 | D:13     | Received a gift from Okawaru
 24914 | D:13     | Reached XP level 15. HP: 71/79 MP: 22/22
 24934 | D:13     | Reached skill level 15 in Dodging
 25205 | D:13     | Got a faintly glowing robe {god gift}
 25216 | D:13     | Identified the +0 robe of Inoahi {Str+4} (Okawaru gifted it to you on level 13 of the Dungeon)
 26419 | D:14     | Found a gate to the Vaults.
 26621 | D:14     | Gained mutation: You have a pair of small horns on your head. [potion of mutation]
 26621 | D:14     | Gained mutation: You expend magic power (3 MP) to strengthen your wands. [potion of mutation]
 26621 | D:14     | Gained mutation: You are somewhat resistant to further mutation. [potion of mutation]
 26820 | D:14     | Reached skill level 10 in Fighting
 27040 | D:14     | You fall through a shaft!
 27040 | D:15     | Entered Level 15 of the Dungeon
 27079 | D:15     | Found Xunoush's Distillery.
 27096 | D:15     | Noticed Pr0man's ghost (journeyman GrFE)
 27442 | D:14     | Found a shattered altar of Ashenzari.
 27500 | D:14     | Received a gift from Okawaru
 27766 | D:14     | Reached skill level 21 in Stealth
 27842 | D:15     | Noticed Naow's ghost (journeyman MiBe)
 27845 | D:15     | Found a deep blue altar of Sif Muna.
 27865 | D:15     | Killed Naow's ghost
 28290 | D:15     | Found an opulent altar of Gozag.
 28337 | D:15     | Found a bloodstained altar of Trog.
 28410 | D:15     | Killed Pr0man's ghost
 28469 | D:15     | Received a gift from Okawaru
 29520 | D:15     | Found a staircase to the Depths.
 29769 | D:15     | Received a gift from Okawaru
 29914 | D:15     | Reached skill level 10 in Evocations
 30623 | Orc:1    | Entered Level 1 of the Orcish Mines
 31112 | Orc:2    | Entered Level 2 of the Orcish Mines
 31112 | Orc:2    | Found Uzaucir's Magic Scroll Shop.
 31193 | Orc:2    | Bought a scroll of identify for 30 gold pieces
 31193 | Orc:2    | Bought a scroll of identify for 30 gold pieces
 31193 | Orc:2    | Bought a scroll of identify for 30 gold pieces
 31442 | Orc:2    | Found Eharer's Distillery.
 31463 | Orc:2    | Found Suwnuofi's Armour Shoppe.
 31629 | Orc:2    | Reached XP level 16. HP: 74/85 MP: 25/25
 31662 | Orc:2    | Received a gift from Okawaru
 32309 | Orc:2    | Found a staircase to the Elven Halls.
 32618 | Orc:2    | Found Duogik's Food Boutique.
 32621 | Orc:2    | Found Xehufij's Jewellery Shop.
 32623 | Orc:2    | Found Kiewkilu's Food Boutique.
 32639 | Orc:2    | Found Mowkar's Antique Armour Boutique.
 32923 | Orc:2    | Found Aqipte Guto's Antique Armour Shoppe.
 33334 | Snake:1  | Entered Level 1 of the Snake Pit
 33404 | Snake:1  | Noticed Josephine
 33600 | Snake:1  | Reached skill level 1 in Armour
 34245 | Lair:4   | Got a polished fire dragon armour {god gift}
 34265 | Lair:4   | Identified the +8 fire dragon armour "Gylaniuwn" {rPois rF++ rC- rN+ MR+ Str+2} (Okawaru gifted it to you on level 4 of the Lair of Beasts)
 34319 | Snake:1  | Received a gift from Okawaru
 34509 | Snake:1  | Killed Josephine
 34835 | Snake:1  | You fall through a shaft!
 35150 | Swamp:1  | Entered Level 1 of the Swamp
 35198 | Swamp:1  | Noticed a thorn hunter
 35230 | Swamp:1  | Killed a thorn hunter
 35533 | Swamp:1  | Gained mutation: Your mind is acute. (Int +2) [potion of beneficial mutation]
 36794 | Swamp:2  | Received a gift from Okawaru
 36926 | Swamp:2  | Reached XP level 17. HP: 90/90 MP: 27/27
 37720 | Swamp:2  | Reached XP level 18. HP: 93/95 MP: 28/28
 38572 | Swamp:3  | Reached skill level 5 in Armour
 38638 | Swamp:3  | Killed from afar by a thorn hunter

Vault maps used:
D:1:      elethiomel_arrival_shortcut
D:2:      ecumenical_altar_2, minmay_tiny_reverse_x, uniq_sigmund
D:3:      portal_sewer_entry_a
D:4:      grunt_qazlal_sundering
D:5:      lemuel_doored_altar, first_bread, uniq_pikel
D:6:      minivault_19, lightli_orcish_oven, uniq_menkaure
D:7:      old_standard_altar, basic_altar, st_stairs_6, led_sif_pool,
          uniq_duvessa, uniq_joseph
D:8:      nicolae_overflow_crystal_walls, lemuel_crystal_altar, enter_ossuary_2,
          uniq_grum
D:9:      lemuel_crystal_altar, dpeg_oklobed_lair, david_orc_2, enter_bailey_8,
          uniq_gastronok
D:10:     serial_shops, nicolae_shop_crystal, uniq_urug, uniq_erolcha
D:11:     uniq_maurice, uniq_psyche
D:12:     lab_entry_generic, david_nohive_1, minivault_12, uniq_rupert,
          uniq_nessos
D:13:     minmay_heptahexagon
D:14:     hangedman_vaults_entry_quadrant_bands, ashenzari_altar_1
D:15:     hangedman_depths_entry_try_elsewhere_first, serial_shops, shop,
          basic_altar, lemuel_crystal_altar, grunt_gozag_statues
Temple:   nicolae_temple_no_exploring_needed
Lair:1:   columned_hall_lemuel, uniq_nergalle
Lair:2:   beast_lair_carwin_6, grunt_megastairs_1
Lair:3:   swamp_mist_pool, portal_ice_cave_rime, grunt_megastairs_2
Lair:4:   minmay_snake_entry_six_corridors, serial_bayou_shore_b
Lair:5:   minmay_slime_entry_oklob_open, serial_bayou_lagoon_a,
          serial_bayou_shore_b
Lair:6:   minmay_lair_end_enchanted_forest, basic_altar,
          infiniplex_staircase_pool
Swamp:1:  nicolae_swamp_fairy_circle
Swamp:2:  evilmike_swamp_ruin_house_4
Swamp:3:  nicolae_swamp_phyte_club, serial_swamp_ruin,
          evilmike_swamp_ruin_house_1, evilmike_swamp_ruin_wall,
          evilmike_swamp_ruin_house_2, swamp_pool5, nicolae_swamp_round_clearing
Snake:1:  st_stairs_10, uniq_josephine
Snake:2:  basic_altar
Orc:2:    st_orc_pillars, serial_shops, nicolae_shop_waterfront, shop,
          nicolae_shop_stone, nicolae_shop_competitors_out_of_business
Lab:      labyrinth_spiral, nicolae_lab_x
Sewer:    kennysheep_door_sewer
Ossuary:  ossuary_zaba_flooded

Skill      XL: |  1  2  3  4  5  6  7  8  9 10 11 12 13 14 15 16 17 18 |
---------------+-------------------------------------------------------+-----
Stealth        | 6 10 11 14 15 16 17 18 19 20 21 | 21.9
Dodging        | 4 7 9 11 12 13 14 15 16 17 | 17.0
Fighting       | 3 4 5 6 8 9 10 | 10.8
Short Blades   | 4 5 7 8 10 11 12 13 | 13.7
Throwing       | 3 5 6 8 9 10 11 12 | 12.8
Invocations    | 3 |  3.0
Evocations     | 8 11 13 | 13.3
Armour         | 4 5 |  5.0

Action                   |  1- 3 |  4- 6 |  7- 9 | 10-12 | 13-15 | 16-18 || total
-------------------------+-------+-------+-------+-------+-------+-------++-------
Melee: Dagger            |    55 |   202 |   352 |       |       |       ||   609
       Quick blade       |       |       |    34 |    50 |   468 |   849 ||  1401
       Short sword       |       |       |    32 |   699 |  1473 |       ||  2204
       Punch             |       |       |       |       |     4 |       ||     4
       Headbutt          |       |       |       |       |   116 |   233 ||   349
 Fire: Blowgun           |    10 |    24 |    17 |    74 |    19 |       ||   144
Throw: Throwing net      |       |       |       |     1 |       |       ||     1
       Tomahawk          |       |       |       |       |    41 |       ||    41
Invok: Heroism           |       |       |       |       |     2 |       ||     2
       Finesse           |       |       |       |       |     2 |       ||     2
 Abil: Evoke Invisibilit |       |       |       |       |    19 |    15 ||    34
Evoke: Wand              |       |       |     3 |    10 |    26 |     5 ||    44
  Use: Scroll            |       |     9 |     9 |    16 |    29 |     4 ||    67
       Potion            |       |       |     4 |    21 |    19 |     8 ||    52
 Stab: Sleeping          |     7 |    29 |    23 |    44 |   105 |    33 ||   241
       Distracted        |       |     2 |     3 |    11 |    19 |     6 ||    41
       Confused          |       |       |       |     5 |     4 |     4 ||    13
       Invisible         |       |       |       |       |   106 |    33 ||   139
  Eat: Fruit             |       |     4 |       |     7 |     2 |       ||    13
       Pizza             |       |     1 |     1 |     1 |       |       ||     3
       Royal jelly       |       |       |       |     2 |    14 |     5 ||    21
       Bread ration      |       |       |       |       |       |     1 ||     1
Armor: Robe              |     9 |    20 |    50 |    39 |    72 |    15 ||   205
Dodge: Dodged            |    34 |   126 |   281 |   659 |  1287 |   350 ||  2737
